 Dungeon Crawl Stone Soup version 0.21.1-1-g345015fe64 (webtiles) character file.

1236 Lavandula the Cleaver (level 8, -3/94 HPs)
             Began as a Centaur Berserker on June 3, 2018.
             Was a Priest of Trog.
             Slain by a wyvern (15 damage)
             ... on level 6 of the Dungeon.
             The game lasted 00:11:21 (1354 turns).

Lavandula the Cleaver (Centaur Berserker)           Turns: 1354, Time: 00:11:22

Health: -3/94      AC:  7    Str: 28    XL:     8   Next: 24%
Magic:  8/8        EV:  9    Int:  6    God:    Trog [***...]
Gold:   56         SH:  0    Dex:  8    Spells: 7/7 levels left

rFire    . . .     SeeInvis +   a - +0 hand axe
rCold    + . .     Gourm    .   (no shield)
rNeg     . . .     Faith    .   A - +3 leather armour {rC+}
rPois    .         Spirit   .   (no helmet)
rElec    .         Reflect  .   (no cloak)
rCorr    .         Harm     .   (no gloves)
MR       .....                  (no barding)
Stlth    ..........             (no amulet)
HPRegen  0.25/turn              w - ring of see invisible
MPRegen  0.11/turn              D - ring of stealth

@: berserking, lethally poisoned (-3 -> -4), very quick
A: large, hooves 3, deformed body, speed 2, tough skin 3
a: Berserk, Trog's Hand, Burn Spellbooks, Renounce Religion


You were on level 6 of the Dungeon.
You worshipped Trog.
Trog was most pleased with you.
You were near starving.

You visited 1 branch of the dungeon, and saw 7 of its levels.

You collected 200 gold pieces.
You spent 144 gold pieces at shops.

Inventory:

Hand Weapons
 a - a +0 hand axe (weapon)
 g - a +2 spear of venom
Missiles
 o - 4 tomahawks (quivered)
 x - a throwing net
Armour
 b - the cursed +0 leather armour of Adimal {Int+3 Stlth+, unknown}
   (You found it on level 7 of the Dungeon)

   It affects your intelligence (+3).
   It makes you more stealthy.
   It has a curse placed upon it.
 f - a cursed -1 chain mail
 A - a +3 leather armour of cold resistance (worn)
Magical Staves
 v - an uncursed staff of wizardry
Jewellery
 w - a ring of see invisible (left hand)
 D - a ring of stealth (right hand)
Wands
 n - a wand of iceblast (8)
 B - a wand of flame (19)
Scrolls
 d - a scroll of fear
 e - 3 scrolls of remove curse
 h - a scroll of teleportation
 i - a scroll of immolation {unknown}
 m - a scroll of amnesia
 r - a scroll of random uselessness
 s - a scroll of vulnerability
Potions
 j - 3 potions of berserk rage
 k - a potion of curing
 l - a potion of heal wounds
 F - a potion of agility
Books
 t - a book of Flames

   Spells                             Type                      Level
   a - Flame Tongue                   Conjuration/Fire             1
   b - Throw Flame                    Conjuration/Fire             2
   c - Conjure Flame                  Conjuration/Fire             3
   d - Inner Flame                    Hexes/Fire                   3
   e - Sticky Flame                   Conjuration/Fire             4
   f - Fireball                       Conjuration/Fire             5
   Trog disapproves of the use of such an item.
Comestibles
 c - 4 rations


   Skills:
 - Level 3.0 Fighting
 + Level 9.5 Axes
 - Level 1.3 Armour
 - Level 1.3 Dodging


You had 7 spell levels left.
You didn't know any spells.

Dungeon Overview and Level Annotations

Branches:
Dungeon (7/15)
 Temple: D:4-7

Altars:
Ashenzari
Fedhas
Hepliaklqana
Qazlal
Wu Jian

Shops:
D:4 *   D:5 !   D:6 (


Innate Abilities, Weirdness & Mutations

You have hooves in place of feet.
Armour fits poorly on your strangely shaped body.
You cover ground very quickly.
You have extremely tough skin. (AC +3)


Message History

The wyvern bites you!
* * * LOW HITPOINT WARNING * * *
The howler monkey hoots and howls with incredible vigour!
The scorpion stings you but does no damage.
You hear a bark! x2; You hear a shout!
You closely miss the wyvern.
The wyvern is almost dead.
You barely miss the scorpion. You slash the howler monkey!
You kill the howler monkey!
Trog accepts your kill. The wyvern bites you!
* * * LOW HITPOINT WARNING * * *
Your leather armour prevents you from hitting the wyvern.
Your kick misses the wyvern.
The wyvern is almost dead.
You slash the orc!
You kill the orc!
Trog accepts your kill.
You completely miss the scorpion.
You feel sick. The wyvern bites you!
You die...

#. . #o .## #.
... ###o ##.#
#..∩ ..#
.###.#.###)###.#
........##@l...#
#....#.##s#####
#.....h.oh#
....#....### .
#.#.## #.#>#
........#
#####.### #.


You could see a wyvern, a scorpion, a howler monkey and an orc wizard.

Vanquished Creatures
  Grinder (D:3)
  Duvessa (D:5)
  3 ogres
  A centaur (D:5)
  Dowan (D:5)
  A howler monkey (D:6)
  A crimson imp (D:5)
  3 hounds
  A bullfrog skeleton (D:5)
  A gnoll shaman (D:4)
  2 orc wizards
  An orc priest (D:4)
  2 worker ants
  8 gnolls (D:4)
  3 adders
  A worm (D:2)
  2 dart slugs
  A leopard gecko (D:2)
  22 orcs
  A ball python (D:7)
  A bat (D:3)
  5 goblins
  5 hobgoblins
  4 jackals (D:5)
  3 kobolds
  4 frilled lizards
  A leopard gecko zombie (D:5)
  4 rats
84 creatures vanquished.

Notes
Turn   | Place    | Note
-------+----------+-------------------------------------------
     0 | D:1      | Lavandula the Centaur Berserker began the quest for the Orb.
     0 | D:1      | Reached XP level 1. HP: 19/19 MP: 1/1
    25 | D:2      | Reached skill level 3 in Axes
    25 | D:2      | Reached XP level 2. HP: 26/26 MP: 2/2
   260 | D:2      | Reached XP level 3. HP: 27/31 MP: 3/3
   342 | D:3      | Reached skill level 4 in Axes
   351 | D:3      | Reached XP level 4. HP: 32/38 MP: 4/4
   403 | D:4      | Noticed an ogre
   425 | D:4      | Killed an ogre
   425 | D:4      | Reached skill level 5 in Axes
   425 | D:4      | Reached XP level 5. HP: 45/45 MP: 5/5
   491 | D:4      | Found a blossoming altar of Fedhas.
   502 | D:4      | Reached skill level 6 in Axes
   542 | D:3      | Reached ** piety under Trog
   554 | D:3      | Noticed Grinder
   602 | D:3      | Paralysed by Grinder for 2 turns
   617 | D:3      | Killed Grinder
   617 | D:3      | Reached skill level 7 in Axes
   617 | D:3      | Reached XP level 6. HP: 38/51 MP: 6/6
   653 | D:4      | Found Hieheptu's Assorted Antiques.
   661 | D:4      | Bought a scroll labeled WOTTAIVVORPH for 24 gold pieces
   661 | D:4      | Bought a scroll labeled WIOG CIJAW for 24 gold pieces
   661 | D:4      | Bought a scroll labeled QAUFEME DYSEXEID for 24 gold pieces
   661 | D:4      | Bought a scroll labeled MYM NARPHO CUGG for 24 gold pieces
   661 | D:4      | Bought a scroll labeled MYM NARPHO CUGG for 24 gold pieces
   661 | D:4      | Bought a scroll labeled EFAHUO POITWEUD for 24 gold pieces
   667 | D:4      | Found a hazy altar of Hepliaklqana.
   667 | D:4      | Found an ornate altar of the Wu Jian Council.
   721 | D:4      | Found a stormy altar of Qazlal.
   789 | D:5      | Entered Level 5 of the Dungeon
   789 | D:5      | Found a shattered altar of Ashenzari.
   805 | D:5      | Reached XP level 7. HP: 39/57 MP: 7/7
   839 | D:5      | Noticed Dowan
   840 | D:5      | Noticed Duvessa
   884 | D:4      | Reached skill level 8 in Axes
  1050 | D:5      | Found Tozussot's Distillery.
  1066 | D:5      | Killed Dowan
  1075 | D:5      | Killed Duvessa
  1075 | D:5      | Reached skill level 9 in Axes
  1075 | D:5      | Reached XP level 8. HP: 23/63 MP: 8/8
  1233 | D:5      | You fall through a shaft for 2 floors!
  1236 | D:7      | Got an ichor-stained leather armour
  1334 | D:6      | Found Nurokhau's Weapon Shop.
  1348 | D:6      | Reached *** piety under Trog
  1354 | D:6      | Slain by a wyvern

Skill      XL: |  1  2  3  4  5  6  7 |
---------------+----------------------+-----
Axes           | 3 4 5 7 9 |  9.5
Fighting       | |  3.0
Armour         | |  1.3
Dodging        | |  1.3

Action                   |  1- 3 |  4- 6 |  7- 9 || total
-------------------------+-------+-------+-------++-------
Melee: Hand axe          |    12 |    15 |    31 ||    58
       Kick              |     8 |     8 |    24 ||    40
       Spear             |    40 |    52 |    73 ||   165
Invok: Berserk           |     1 |     4 |     3 ||     8
       Trog's Hand       |       |       |     2 ||     2
  Use: Scroll            |       |     5 |     9 ||    14
       Potion            |       |       |     2 ||     2
  Eat: Chunk             |       |     3 |     4 ||     7
Armor: Animal skin       |     3 |    22 |     5 ||    30
       Leather armour    |       |       |    11 ||    11
Dodge: Dodged            |    18 |    27 |    47 ||    92
